 Dungeon Crawl Stone Soup version 0.23-a0-629-gae4348f (webtiles) character file.

1932 Monsterracer the Martial Artist (level 8, -9/61 HPs)
             Began as a Vampire Summoner on Dec 26, 2018.
             Was a Believer of Ru.
             Mangled by a two-headed ogre
             ... wielding a +0 giant spiked club
              (19 damage)
             ... on level 7 of the Dungeon.
             The game lasted 00:17:19 (7595 turns).

Monsterracer the Martial Artist (Vampire Summoner)  Turns: 7595, Time: 00:17:20

Health: -9/61      AC: 12    Str:  9    XL:     8   Next: 97%
Magic:  0/11       EV: 12    Int: 18    God:    Ru [**....]
Gold:   40         SH:  0    Dex: 16    Spells: 5/11 levels left

rFire    . . .     SeeInvis +     - Unarmed
rCold    . . .     Gourm    .   (no shield)
rNeg     . . .     Faith    .   B - +0 ring mail
rPois    +         Spirit   .   f - +1 helmet
rElec    .         Reflect  .   n - +2 cloak
rCorr    .         Harm     .   p - +1 pair of gloves
MR       .....                  (no boots)
Stlth    ++........             (no amulet)
HPRegen  0.40/turn              b - +2 ring of dexterity
MPRegen  0.12/turn              g - ring of poison resistance {!d}

@: regenerating quickly
A: fangs 3, see invisible, unbreathing, inability to use devices
a: Renounce Religion


You were on level 7 of the Dungeon.
You worshipped Ru.
Ru was pleased with you.
You were very full.

You visited 1 branch of the dungeon, and saw 7 of its levels.

You collected 254 gold pieces.
You spent 214 gold pieces at shops.

Inventory:

Armour
 f - a +1 helmet (worn)
 n - a +2 cloak (worn)
 p - a +1 pair of gloves (worn)
 y - a scarf of resistance
 B - a +0 ring mail (worn)
Jewellery
 b - a +2 ring of dexterity (left hand)
 g - a ring of poison resistance (right hand) {!d}
 l - an uncursed ring of ice
Scrolls
 i - a scroll of fog
 k - 4 scrolls of remove curse
 t - 2 scrolls of teleportation {!r}
 v - 2 scrolls of amnesia
Potions
 a - a potion of agility {unknown}
 c - 4 potions of curing
 d - 2 potions of brilliance {unknown}
 e - a potion of berserk rage {!q}
 h - a potion of mutation {unknown}
 j - a potion of might {unknown}
 m - 2 potions of haste
 q - 3 potions of blood
 s - a potion of lignification
 x - a potion of flight {unknown}
 z - a potion of heal wounds {unknown}
 A - a potion of resistance {unknown}


   Skills:
 + Level 4.9 Fighting
 + Level 2.2 Armour
 + Level 4.9 Dodging
 - Level 3.0 Stealth
 * Level 9.6 Unarmed Combat
 - Level 2.0 Spellcasting
 - Level 4.0 Summonings


You had 5 spell levels left.
You knew the following spells:

 Your Spells              Type           Power        Failure   Level  Hunger
a - Summon Lightning Spi  Summ/Air       #.......     91%         4    #####..
f - Call Imp              Summ           ###.....     14%         2    ###....

Your spell library contained the following spells:

 Spells                   Type           Power        Failure   Level  Hunger
 Summon Small Mammal      Summ           ###.         10%         1    #......
 Call Canine Familiar     Summ           ###.....     28%         3    ###....
 Summon Guardian Golem    Hex/Summ       #.......     54%         3    ###....
 Summon Ice Beast         Ice/Summ       #.......     91%         4    #####..


Dungeon Overview and Level Annotations

Branches:
Dungeon (7/15)
 Temple: D:4-7

Altars:
Elyvilon
Okawaru
Ru
Trog
Wu Jian
The Shining One

Shops:
D:4 [

Annotations:
D:4 1 runed door


Innate Abilities, Weirdness & Mutations

Your natural rate of healing is unusually fast.
You have razor-sharp teeth.
You have supernaturally acute eyesight. (SInv)
You can survive without breathing.
You cannot study or use magical devices.


Message History

The two-headed ogre closely misses your white imp.
The two-headed ogre barely misses your white imp.
Your white imp gestures at the two-headed ogre.
The puff of frost hits the two-headed ogre.
Your white imp hits the two-headed ogre.
Your white imp freezes the two-headed ogre.
The two-headed ogre hits your white imp with a +0 giant spiked club!!
Your white imp dies!
Things that are here:
a wand of clouds (5); a wand of digging (4); a wand of acid (11)
You barely miss the two-headed ogre.
The two-headed ogre is heavily wounded.
The two-headed ogre hits you with a +0 giant spiked club.
You focus your will and illuminate the two-headed ogre in retribution!
The two-headed ogre hits you with a +0 giant spiked club!
You take 22 damage, and have 39/61 hp.
MASSIVE DAMAGE!!
You punch the two-headed ogre!
The two-headed ogre is severely wounded.
Casting: Call Imp (safe; 14% risk of failure)
Confirm with . or Enter, or press ? or * to list all spells.
A beastly little devil appears in a puff of frigid air.
The two-headed ogre hits you with a +0 giant spiked club!
The two-headed ogre hits you but does no damage.
You take 6 damage, and have 35/61 hp.
You now have 0/11 mp.
Unknown command.
Your white imp gestures at the two-headed ogre.
The puff of frost hits the two-headed ogre.
The two-headed ogre hits your white imp with a +0 giant spiked club!!
Your white imp dies!
You see here 2 stones.
Items here: (( ))))))
Things that are here:
a poisoned needle; 2 stones You start resting.
The two-headed ogre is too close now for your liking.
You regained 2 hp, and now have 39/61 hp.
The two-headed ogre shouts in stereo!
Items here: (( ))))))
You see here 2 stones.
Your magical contamination has completely faded away.
Casting: Call Imp (safe; 14% risk of failure)
Confirm with . or Enter, or press ? or * to list all spells.
A beastly little devil appears in a puff of frigid air.
You now have 0/11 mp.
The two-headed ogre hits your white imp with a +0 giant spiked club!!
Your white imp dies!
Things that are here:
a poisoned needle; 2 stones
Items here: (( ))))))
You see here 2 stones.
Casting: Call Imp (safe; 14% risk of failure)
Confirm with . or Enter, or press ? or * to list all spells.
A beastly little devil appears in a puff of flame.
You now have 0/11 mp.
Unknown command.
Unknown command.
You swap places.
The two-headed ogre closely misses your crimson imp.
The two-headed ogre hits your crimson imp with a +0 giant spiked club!
Your crimson imp dies!
Things that are here:
a poisoned needle; 2 stones
Items here: (( ))))))
You see here 2 stones.
Things that are here:
a poisoned needle; 2 stones
Items here: (( ))))))
Casting: Call Imp (safe; 14% risk of failure)
Confirm with . or Enter, or press ? or * to list all spells.
A beastly little devil appears in a puff of frigid air.
You now have 0/11 mp.
You see here 2 stones.
The two-headed ogre barely misses your white imp.
The two-headed ogre hits your white imp with a +0 giant spiked club!
Your white imp dies!
Things that are here:
a poisoned needle; 2 stones
Items here: (( ))))))
You see here 2 stones.
Health restored: 61
Casting: Call Imp (safe; 14% risk of failure)
Confirm with . or Enter, or press ? or * to list all spells.
A beastly little devil appears in a puff of frigid air.
You now have 0/11 mp.
Drop what? 24/52 slots (_ for help) (? for menu, Esc to quit)
Okay, then.
You completely miss the two-headed ogre.
The two-headed ogre is moderately wounded.
The two-headed ogre hits you with a +0 giant spiked club!!
The two-headed ogre completely misses you.
You take 21 damage, and have 40/61 hp.
MASSIVE DAMAGE!!
You hit the two-headed ogre.
The two-headed ogre is heavily wounded.
You hit the two-headed ogre.
You bite the two-headed ogre, but do no damage.
The two-headed ogre is heavily wounded.
The two-headed ogre hits you with a +0 giant spiked club!!
* * * LOW HITPOINT WARNING * * *
The two-headed ogre hits you with a +0 giant spiked club!!
You die...

#############
#../.........
########.###########
#....O....#.#
##.#####..<.#
#<@O(....#.#
##5#######.# #.# #.#
#.# #.# #.# #.# #.#
#.# #.# #.# #.# #.#
#.# #.#


You could see a two-headed ogre and a friendly white imp.

Vanquished Creatures
  A hippogriff (D:7)
  A hungry ghost (D:7)
  2 centaurs (D:5)
  2 bullfrogs (D:6)
  A big kobold (D:7)
  A water moccasin skeleton (D:5)
  A scorpion (D:4)
  5 wights (D:6)
  A jelly (D:7)
  A hound (D:4)
  2 orc priests
  4 bullfrog skeletons
  2 iguanas (D:4)
  3 orc wizards
  3 worker ants
  A hound zombie (D:6)
  A howler monkey skeleton (D:4)
  7 adders
  A shadow imp (D:5)
  2 worms
  2 adder skeletons
  4 leopard geckos
  14 orcs
  5 giant cockroaches
  5 goblins
  9 hobgoblins
  2 jackals (D:2)
  A quokka (D:4)
  3 ball pythons
  4 bats
  6 frilled lizards
  A jackal skeleton (D:5)
  15 kobolds
  7 rats
120 creatures vanquished.

Vanquished Creatures (collateral kills)
  The ghost of Defined the Firebug, an amateur DrFE (D:4)
  2 ogres (D:4)
  A bullfrog (D:4)
  An orc wizard (D:3)
  A centaur skeleton (D:3)
  Jessica (D:2)
  2 adders
  2 worms (D:2)
  2 orcs (D:4)
  A ball python (D:4)
  A giant cockroach (D:4)
  3 hobgoblins (D:1)
  A quokka (D:2)
19 creatures vanquished.

Grand Total: 139 creatures vanquished

Notes
Turn   | Place    | Note
-------+----------+-------------------------------------------
     0 | D:1      | Monsterracer the Vampire Summoner began the quest for the
                  | Orb.
     0 | D:1      | Reached XP level 1. HP: 13/13 MP: 3/3
    20 | D:1      | HP: 3/13 [hobgoblin/+0 club (6)]
   300 | D:1      | HP: 6/13 [giant cockroach (2)]
   301 | D:1      | Reached skill level 1 in Unarmed Combat
   849 | D:1      | Reached XP level 2. HP: 19/19 MP: 5/5
   853 | D:1      | Learned a level 2 spell: Call Imp
   944 | D:1      | Reached skill level 2 in Unarmed Combat
  1601 | D:2      | Reached skill level 3 in Unarmed Combat
  1642 | D:2      | Reached XP level 3. HP: 24/24 MP: 3/6
  2025 | D:2      | HP: 11/24 [hobgoblin/+0 club (3)]
  2280 | D:2      | Noticed Jessica
  2291 | D:2      | HP: 1/24 [Jessica/nerve-wracking pain (13)]
  2295 | D:2      | Killed Jessica
  2295 | D:2      | Reached skill level 4 in Unarmed Combat
  2295 | D:2      | Reached XP level 4. HP: 3/31 MP: 1/7
  2301 | D:2      | Learned a level 4 spell: Summon Lightning Spire
  2593 | D:3      | Noticed an orc warrior
  2778 | D:3      | Reached skill level 1 in Fighting
  2951 | D:3      | Reached XP level 5. HP: 35/37 MP: 8/8
  3227 | D:4      | Found Juen's Armour Boutique.
  3243 | D:4      | Reached skill level 5 in Unarmed Combat
  3329 | D:4      | Noticed an ogre
  3331 | D:4      | Noticed an ogre
  3348 | D:4      | HP: 15/37 [ogre/+0 giant spiked club (11)]
  3349 | D:4      | Killed an ogre
  3352 | D:4      | HP: 6/38 [orc/cursed +0 morningstar (11)]
  3471 | D:2      | HP: 19/38 [orc/+0 club (3)]
  3867 | D:4      | Reached XP level 6. HP: 44/44 MP: 9/9
  3933 | D:4      | Found an iron altar of Okawaru.
  3944 | D:4      | Found an ornate altar of the Wu Jian Council.
  3944 | D:4      | Found a white marble altar of Elyvilon.
  3945 | D:4      | Found a glowing golden altar of the Shining One.
  3945 | D:4      | Found a bloodstained altar of Trog.
  3945 | D:4      | Found a sacrificial altar of Ru.
  3960 | D:4      | Reached skill level 6 in Unarmed Combat
  3975 | D:4      | Found a runed door.
  3983 | D:4      | HP: 22/44 [poisoned by a scorpion]
  3988 | D:4      | HP: 14/46 [poisoned by a scorpion]
  3993 | D:4      | HP: 10/46 [poisoned by a scorpion]
  3998 | D:4      | HP: 9/46 [poisoned by a scorpion]
  4004 | D:4      | HP: 8/46 [poisoned by a scorpion]
  4010 | D:4      | HP: 8/46 [poisoned by a scorpion]
  4018 | D:4      | HP: 9/46 [poisoned by a scorpion]
  4022 | D:4      | Became a worshipper of Ru the Awakened
  4158 | D:4      | HP: 12/46 [ogre/+0 giant spiked club (24)]
  4178 | D:4      | HP: 16/46 [ogre/+0 giant spiked club (3)]
  4533 | D:4      | Found a runed door.
  4535 | D:4      | Noticed Defined's ghost (amateur DrFE)
  4564 | D:4      | HP: 20/46 [Defined's ghost (5)]
  4570 | D:4      | HP: 11/46 [Defined's ghost (7)]
  4572 | D:4      | Killed Defined's ghost
  4572 | D:4      | Reached skill level 7 in Unarmed Combat
  4572 | D:4      | Reached XP level 7. HP: 14/52 MP: 2/10
  5281 | D:5      | Entered Level 5 of the Dungeon
  5459 | D:5      | HP: 25/52 [centaur/arrow (7)]
  5466 | D:5      | HP: 15/52 [centaur (6)]
  5467 | D:5      | HP: 7/52 [centaur (5)]
  5473 | D:5      | HP: 8/53 [adder (1)]
  5478 | D:5      | Reached skill level 8 in Unarmed Combat
  5480 | D:5      | HP: 8/53 [poisoned by an adder]
  5488 | D:5      | HP: 9/53 [poisoned by an adder]
  5678 | D:5      | Reached XP level 8. HP: 51/60 MP: 11/11
  5753 | D:4      | Fell from the grace of Ru
  5754 | D:4      | Became a worshipper of Ru the Awakened
  6507 | D:6      | Reached skill level 1 in Armour
  6521 | D:6      | HP: 26/61 [wight/+5 long sword (9)]
  6774 | D:4      | Bought a +2 cloak for 214 gold pieces
  6906 | D:6      | Reached skill level 9 in Unarmed Combat
  7228 | D:7      | Gained mutation: You cannot study or use magical devices.
                  | [Ru sacrifice]
  7228 | D:7      | Reached * piety under Ru
  7228 | D:7      | Reached ** piety under Ru
  7278 | D:7      | Noticed a hippogriff
  7295 | D:7      | Killed a hippogriff
  7332 | D:7      | Noticed a two-headed ogre
  7595 | D:7      | HP: 10/61 [two-headed ogre/+0 giant spiked club (30)]
  7595 | D:7      | Mangled by a two-headed ogre

Vault maps used:
D:1:      mrwooster_arrival_arrow, chequers_big_river, minivault_5
D:2:      uniq_jessica
D:4:      grunt_temple_overflow_open, serial_shops, nicolae_shop_waterfront,
          ebering_ghost_sewer_f
D:5:      first_ration, kennysheep_minor_cross, serial_bayou_lake_a
D:7:      grunt_temple_overflow_order_and_chaos_1,
          minmay_temple_entry_purple_smoke

Skill      XL: |  1  2  3  4  5  6  7  8 |
---------------+-------------------------+-----
Unarmed Combat | 1 3 4 5 7 8 9 |  9.6
Fighting       | 1 2 3 4 |  4.9
Dodging        | 3 4 |  4.9
Armour         | 2 |  2.2
Stealth        | |  3.0
Spellcasting   | |  2.0
Summonings     | |  4.0

Action                   |  1- 3 |  4- 6 |  7- 9 || total
-------------------------+-------+-------+-------++-------
Melee: Unarmed           |   200 |   190 |   290 ||   680
       Bite              |    14 |    15 |    23 ||    52
       Punch             |     3 |     3 |     8 ||    14
 Cast: Summon Small Mamm |    11 |     1 |       ||    12
       Call Imp          |    11 |    18 |     9 ||    38
       Summon Lightning  |       |     1 |       ||     1
Invok: Sacrifice Artific |       |       |     1 ||     1
       Renounce Religion |       |       |     1 ||     1
  Use: Potion            |    13 |    13 |    17 ||    43
       Scroll            |       |     8 |     6 ||    14
 Stab: Sleeping          |     4 |     3 |     5 ||    12
       Distracted        |       |     2 |     1 ||     3
Armor: Robe              |    60 |    28 |     2 ||    90
       Ring mail         |       |       |    87 ||    87
Dodge: Dodged            |   160 |   116 |   140 ||   416

Table legend:
 A = Non-vault XP
 B = Vault XP
 C = Vault XP percentage of total XP
 D = Non-vault monster count
 E = Vault monster count
 F = Vault count percentage of total count
                 A         B        C        D         E       F
            +---------+---------+-------+---------+---------+-------
      Total |    2521 |     240 |   8.7 |     133 |       6 |   4.3
            +---------+---------+-------+---------+---------+-------
        D:1 |      23 |       0 |   0.0 |      16 |       0 |   0.0
        D:2 |      73 |      30 |  29.1 |      30 |       1 |   3.2
        D:3 |     131 |       0 |   0.0 |      20 |       0 |   0.0
        D:4 |     548 |     210 |  27.7 |      26 |       5 |  16.1
        D:5 |     605 |       0 |   0.0 |      21 |       0 |   0.0
        D:6 |     563 |       0 |   0.0 |      10 |       0 |   0.0
        D:7 |     578 |       0 |   0.0 |      10 |       0 |   0.0
            +---------+---------+-------+---------+---------+-------

Vault maps used:
D:1:      mrwooster_arrival_arrow, chequers_big_river, minivault_5
D:2:      uniq_jessica
D:4:      grunt_temple_overflow_open, serial_shops, nicolae_shop_waterfront,
          ebering_ghost_sewer_f
D:5:      first_ration, kennysheep_minor_cross, serial_bayou_lake_a
D:7:      grunt_temple_overflow_order_and_chaos_1,
          minmay_temple_entry_purple_smoke
